 Dungeon Crawl Stone Soup version 0.18-a0-1435-gee79d65 (webtiles) character file.

450 geek the Ruffian (level 6, -5/91 HPs)
             Began as a Troll Monk on Feb 28, 2016.
             Slain by Menkaure (10 damage)
             ... on level 4 of the Dungeon.
             The game lasted 00:04:02 (2692 turns).

geek the Ruffian (Troll Monk)                       Turns: 2692, Time: 00:04:02

Health: -5/91      AC: 23    Str: 22    XL:     6   Next: 74%
Magic:  5/5        EV:  1    Int:  6    God:
Gold:   158        SH:  0    Dex: 12    Spells: 0 memorised, 5 levels left

rFire  + + .     SeeInvis .       - Unarmed
rCold  . . .     Gourm    +     (armour currently unavailable)
rNeg   + + +     Faith    .     (no shield)
rPois  +         Spirit   .     (helmet currently unavailable)
rElec  +         Dismiss  .     (cloak currently unavailable)
rCorr  +         Reflect  .     (gloves unavailable)
SustAt .         Harm     +     (boots unavailable)
MR     .....     NoTele   +     n - amulet of harm
Stlth  ++........               (no ring)
                                p - ring of fire

@: tree-form, resistant, not resistant to hostile enchantments, unstealthy
A: unfitting armour, (claws 0), fast metabolism 3, gourmand, regeneration 2,
(shaggy fur 0), (tough skin 0)
a: no special abilities


You were on level 4 of the Dungeon.
You were not hungry.
You were a tree.
You visited 1 branch of the dungeon, and saw 4 of its levels.

You collected 158 gold pieces.

Inventory:

Missiles
 k - 54 stones (quivered)
Armour
 a - a +0 robe (melded)
Jewellery
 n - an amulet of harm (around neck)
 p - a ring of fire (left branch)
Wands
 o - a wand of iceblast (8/15)
Scrolls
 c - 3 scrolls of teleportation {unknown}
 d - a scroll of recharging {unknown}
 e - a scroll of remove curse {unknown}
 f - a scroll of noise {unknown}
 h - 3 scrolls of identify {unknown}
 j - a scroll of enchant weapon {unknown}
 q - a scroll of amnesia {unknown}
 s - a scroll of magic mapping {unknown}
Potions
 g - a potion of lignification
Comestibles
 b - 3 bread rations
 l - a beef jerky


   Skills:
 + Level 3.2 Fighting
 * Level 1.8 Throwing
 + Level 3.5 Dodging
 - Level 1.1 Stealth
 * Level 6.6 Unarmed Combat


You had 5 spell levels left.
You didn't know any spells.

Dungeon Overview and Level Annotations

Branches:
Dungeon (4/15)
 Temple: D:4-7

Altars:
Gozag
Kikubaaqudgha
Nemelex Xobeh
Okawaru
Pakellas
Zin

Annotations:
D:4 Dowan, Menkaure


Innate Abilities, Weirdness & Mutations

You are too large for most types of armour.
((You have claws for hands.))
Your metabolism is lightning-fast.
You like to eat raw meat.
You heal very quickly.
((You are covered in fur (AC +1).))
((You have very tough skin (AC +2).))


Message History

* * * LOW HITPOINT WARNING * * *
Unknown command.
Unknown command.
Drink which item? (? for menu, Esc to quit)
You feel better. Menkaure hits you.
* * * LOW HITPOINT WARNING * * *
Duvessa hits you but does no damage. Dowan hits you but does no damage.
Unknown command.
Unknown command.
You smack Duvessa!
You kill Duvessa!
Dowan seems overcome with grief, but rights himself reflexively soon after.
Dowan seems to find hidden reserves of power!
Menkaure hits you.
* * * LOW HITPOINT WARNING * * *
Dowan casts a spell at you. The shard of ice hits you!
* * * LOW HITPOINT WARNING * * *
Menkaure hits you!
You die...

#.# # #. #######'##
#.#. #........#
#.#.###........#######
.....#......>.'......
#...#........##.#### #
#...#............#
....#.M.#..........#.##
#..a♣...####....#..#
#..e....# #....##.##
#.......# #....##...
#.......# #....##...
######### #######...
#... ##.. #.. #..


You could see Menkaure, Dowan and a worker ant.

Vanquished Creatures
  The ghost of Meriados the Cudgeler, an amateur HuCK of Xom (D:4)
  Duvessa (D:4)
  2 orc wizards (D:3)
  A centaur skeleton (D:4)
  2 adders (D:3)
  3 oozes
  2 worms (D:3)
  4 dart slugs
  3 giant geckos
  2 orcs (D:3)
  3 ball pythons
  3 bats
  3 giant cockroaches (D:2)
  12 goblins
  4 hobgoblins
  3 jackals (D:1)
  7 kobolds
  2 quokkas (D:2)
  6 giant newts
  8 rats
72 creatures vanquished.

Notes
Turn   | Place    | Note
--------------------------------------------------------------
     0 | D:1      | geek the Troll Monk began the quest for the Orb.
     0 | D:1      | Reached XP level 1. HP: 22/22 MP: 0/0
   150 | D:1      | Reached XP level 2. HP: 29/29 MP: 1/1
   604 | D:1      | Reached XP level 3. HP: 34/36 MP: 2/2
   710 | D:1      | Noticed a big kobold
   710 | D:1      | Noticed a big kobold
   711 | D:1      | Noticed a big kobold
   718 | D:1      | Noticed a big kobold
   879 | D:2      | Reached skill level 5 in Unarmed Combat
  1038 | D:2      | Found an oddly glowing altar of Pakellas.
  1044 | D:2      | Found a sparkling altar of Nemelex Xobeh.
  1644 | D:3      | Reached XP level 4. HP: 44/44 MP: 3/3
  1979 | D:3      | Found an iron altar of Okawaru.
  2004 | D:3      | Found an opulent altar of Gozag.
  2009 | D:3      | Reached XP level 5. HP: 49/52 MP: 4/4
  2238 | D:3      | Reached skill level 1 in Throwing
  2287 | D:3      | Found a glowing silver altar of Zin.
  2380 | D:3      | Found an ancient bone altar of Kikubaaqudgha.
  2550 | D:4      | Noticed Meriados's ghost (amateur HuCK)
  2556 | D:4      | Killed Meriados's ghost
  2556 | D:4      | Reached skill level 6 in Unarmed Combat
  2556 | D:4      | Reached XP level 6. HP: 48/61 MP: 5/5
  2680 | D:4      | Noticed Dowan
  2681 | D:4      | Noticed Duvessa
  2683 | D:4      | Noticed Menkaure
  2690 | D:4      | HP: 4/91 [Duvessa/rapier (3)]
  2692 | D:4      | Killed Duvessa
  2692 | D:4      | Slain by Menkaure

Vault maps used:
D:1:      erik_arrival_cave_to_civilisation
D:2:      nicolae_overflow_hidden_temple
D:3:      grunt_gozag_statues, lemuel_coloured_pillars_altar, okawaru_trees_1,
          zin_treasury
D:4:      kennysheep_mini_moat, first_bread, uniq_edmund, uniq_menkaure,
          uniq_duvessa

Skill      XL: |  1  2  3  4  5 |
---------------+----------------+-----
Unarmed Combat | 5 6 |  6.6
Throwing       | 1 |  1.8
Fighting       | 3 |  3.2
Dodging        | 3 |  3.5
Stealth        | |  1.1

Action                   |  1- 3 |  4- 6 || total
-------------------------+-------+-------++-------
Melee: Unarmed           |   104 |    73 ||   177
  Use: Potion            |       |     5 ||     5
  Eat: Chunk             |     8 |     9 ||    17
       Meat ration       |     1 |       ||     1
